 Dungeon Crawl Stone Soup version 0.29-a0-344-ge2f44be95a (webtiles) character file.

Game seed: 18370088760219652617

847 KateM the Chopper (level 7, 0/63 HPs)
             Began as a Minotaur Fighter on Apr 21, 2022.
             Slain by a sky beast (2 damage)
             ... on level 5 of the Dungeon.
             The game lasted 00:03:28 (4799 turns).

KateM the Chopper (Minotaur Fighter)                Turns: 4799, Time: 00:03:28

Health: 0/63       AC:  7    Str: 22    XL:     7   Next: 68%
Magic:  6/6        EV:  9    Int:  5    God:
Gold:   197        SH:  4    Dex: 10    Spells: 6/6 levels left

rFire   . . .      SeeInvis .   a - +0 war axe
rCold   . . .      Faith    .   c - +0 buckler
rNeg    . . .      Spirit   .   b - +0 scale mail
rPois   .          Reflect  .   (helmet restricted)
rElec   .          Harm     .   (no cloak)
rCorr   .          Rampage  .   (no gloves)
Will    .....                   (no boots)
Stlth   ..........              (no amulet)
HPRegen 0.20/turn               (no ring)
MPRegen 0.10/turn               (no ring)

@: no status effects
A: horns 2, retaliatory headbutt
a: no special abilities


You were on level 5 of the Dungeon.
You visited 1 branch of the dungeon, and saw 5 of its levels.

You collected 197 gold pieces.

Inventory:

Hand Weapons
 a - a +0 war axe (weapon)
Armour
 b - a +0 scale mail (worn)
 c - a +0 buckler (worn)
Jewellery
 p - a ring of protection from cold
 y - a +4 ring of protection
Wands
 f - a wand of iceblast (6)
 s - a wand of flame (20)
Scrolls
 g - a scroll of brand weapon {unknown}
 n - 2 scrolls of fear {unknown}
 o - 2 scrolls of silence {unknown}
 r - 2 scrolls of magic mapping {unknown}
 t - 3 scrolls of fog {unknown}
 u - a scroll of enchant armour {unknown}
 v - a scroll of identify {unknown}
 w - a scroll of teleportation {unknown}
Potions
 d - a potion of might
 e - 2 potions of haste {unknown}
 h - a potion of berserk rage {unknown}
 i - a potion of mutation {unknown}
 j - a potion of flight {unknown}
 k - 3 potions of heal wounds {unknown}
 l - a potion of lignification {unknown}
 m - 5 potions of curing {unknown}
 q - 2 potions of brilliance {unknown}
 x - 2 potions of degeneration {unknown}


   Skills:
 + Level 6.3 Fighting
 * Level 7.8 Axes
 + Level 6.3 Armour
 - Level 3.6 Shields


You had 6 spell levels left.
You didn't know any spells.
Your spell library contained the following spells:

 Spells                   Type           Power      Damage    Failure   Level
 Summon Small Mammal      Summ           0%         N/A       86%         1
 Call Canine Familiar     Summ           0%         N/A       99%         3
 Confusing Touch          Hex            0%         N/A       99%         3
 Summon Guardian Golem    Hex/Summ       0%         N/A       99%         3
 Yara's Violent Unravell  Hex/Tmut       0%         3d3       100%        5
 Enfeeble                 Hex            0%         N/A       100%        7


Dungeon Overview and Level Annotations

Branches:
Dungeon (5/15)
 Temple: D:4-7

Altars:
Uskayaw
Xom

Shops:
D:4 :


Innate Abilities, Weirdness & Mutations

You have a pair of horns on your head.
You reflexively headbutt those who attack you in melee.


Message History

You barely miss the sky beast.
The sky beast is heavily wounded.
The sky beast hits you but does no damage.
You hit the sky beast but do no damage.
The sky beast is heavily wounded.
The sky beast hits you.
* * * LOW HITPOINT WARNING * * *
The sky beast shocks you.
* * * LOW HITPOINT WARNING * * *
You hit the sky beast.
The sky beast is heavily wounded.
The sky beast misses you.
You closely miss the sky beast.
You headbutt the sky beast, but do no damage.
The sky beast is heavily wounded.
The sky beast closely misses you.
You slash the sky beast! Your headbutt misses the sky beast.
The sky beast is almost dead.
The sky beast barely misses you. You furiously retaliate!
You headbutt the sky beast, but do no damage.
You closely miss the sky beast.
The sky beast is almost dead.
You block the sky beast's attack.
You closely miss the sky beast.
The sky beast is almost dead.
The sky beast flickers out of sight!
Deactivating autopickup; reactivate with Ctrl-A.
Something hits you.
* * * LOW HITPOINT WARNING * * *
Something shocks you.
* * * LOW HITPOINT WARNING * * *
A sky beast appears from thin air!
Reactivating autopickup.
The sky beast hits you but does no damage.
You hit the sky beast.
The sky beast is almost dead.
The sky beast flickers out of sight!
Deactivating autopickup; reactivate with Ctrl-A.
Something hits you.
You die...

#.#..#.#....).........#
#.#..#.#..#####..#..###
#.#..#.#..# ##.##.#
#.####.#..# #..#..# #.#
#.#..# ##.##.# ##.#
#.#..# ####.##.# ...#
#.#..# #.....#.#
#######.#..# #.....#
........#..# #{@...#.#
######..#..# #<......#
#.......#<.# #....#...#
#.#####.##.# #....#...#
#....# #....##..#
###### ###### ..# .#


There were no monsters in sight!

Vanquished Creatures
  A phantom (D:5)
  A kobold brigand (D:4)
  A necrophage (D:5)
  A scorpion (D:5)
  A howler monkey (D:5)
  2 jellies (D:5)
  7 hounds
  Ijyb (D:3)
  3 orc wizards (D:5)
  An iguana (D:5)
  3 adders
  A worm (D:2)
  2 dart slugs (D:2)
  5 orcs
  10 ball pythons
  5 endoplasms
  3 giant cockroaches (D:4)
  13 goblins
  10 hobgoblins
  7 jackals
  A quokka (D:2)
  6 bats
  6 frilled lizards
  26 kobolds
  10 rats
127 creatures vanquished.

Vanquished Creatures (others)
  A kobold (D:3)
  14 plants (D:4)
15 creatures vanquished.

Grand Total: 142 creatures vanquished

Notes
Turn   | Place    | Note
-------+----------+-------------------------------------------
     0 | D:1      | KateM the Minotaur Fighter began the quest for the Orb.
     0 | D:1      | Reached XP level 1. HP: 19/19 MP: 0/0
    75 | D:1      | Reached skill level 3 in Axes
    75 | D:1      | Reached XP level 2. HP: 27/27 MP: 1/1
   406 | D:1      | Reached XP level 3. HP: 33/33 MP: 2/2
   948 | D:2      | Reached skill level 4 in Axes
   980 | D:2      | Reached XP level 4. HP: 35/41 MP: 3/3
  1851 | D:3      | Found a faded altar of an unknown god.
  1860 | D:3      | Noticed Ijyb
  1874 | D:3      | Killed Ijyb
  1875 | D:3      | Reached XP level 5. HP: 31/47 MP: 4/4
  1992 | D:3      | Reached skill level 5 in Axes
  2617 | D:4      | Found a shimmering altar of Xom.
  2756 | D:4      | Found Myonuest's Book Emporium.
  2816 | D:4      | Found a hide-covered altar of Uskayaw.
  2926 | D:4      | Reached skill level 5 in Fighting
  2926 | D:4      | Reached skill level 5 in Armour
  2926 | D:4      | Reached XP level 6. HP: 43/56 MP: 5/5
  3139 | D:4      | Reached skill level 6 in Axes
  3709 | D:5      | Entered Level 5 of the Dungeon
  3749 | D:5      | Reached XP level 7. HP: 21/62 MP: 6/6
  4076 | D:5      | Reached skill level 7 in Axes
  4798 | D:5      | HP: 1/63 [something (6)]
  4799 | D:5      | Slain by a sky beast

Illustrated notes

Levels and vault maps discovered:
D:1:      dpeg_arrival_subterranean_lakeside_camping, layout_basic
D:2:      layout_basic
D:3:      layout_loops_corners, ebering_ecumenical_altar_petrified, uniq_ijyb
D:4:      kennysheep_kobold_camp, layout_gridville, xom_teletrap_fun,
          nicolae_uskayaw_suspiria, serial_shops, shop, minmay_close_crescents
D:5:      layout_basic, amcnicky_mini_corridor_feature

Skill      XL: |  1  2  3  4  5  6  7 |
---------------+----------------------+-----
Axes           | 3 4 5 6 7 |  7.8
Fighting       | 4 5 6 |  6.3
Armour         | 4 5 6 |  6.3
Shields        | |  3.6

Action                   |  1- 3 |  4- 6 |  7- 9 || total
-------------------------+-------+-------+-------++-------
Melee: War axe           |    85 |   151 |    63 ||   299
       Headbutt          |     9 |    17 |     9 ||    35
Armor: Scale mail        |    37 |    60 |    29 ||   126
Dodge: Dodged            |    41 |    60 |    13 ||   114
Block: Buckler           |    19 |    28 |     9 ||    56

Table legend: (Time is in decaauts)
 A = Elapsed time spent in this place.
 B = Non-inter-level travel time spent in this place.
 C = Inter-level travel time spent in this place.
 D = Time resting spent in this place.
 E = Time spent auto-exploring this place.
 F = Levels seen in this place.
 G = Mean time per level.
                   A        B        C        D        E       F      G
               +--------+--------+--------+--------+--------+-----+--------+
         Total |   4881 |   4881 |      0 |    605 |   3468 |   5 |  976.2 |
       Dungeon |   4881 |   4881 |      0 |    605 |   3468 |   5 |  976.2 |
               +--------+--------+--------+--------+--------+-----+--------+

Top non-repeatable levels by time:
     D:4: 1114 daAuts
     D:5: 1104 daAuts
     D:2: 1061 daAuts
     D:3: 979 daAuts
     D:1: 621 daAuts
